General information
			
			
        
        - name: BNet
 
        - type: Ladder team game (AT/RT)
 
        - host: Battle.net
 
        - saver: YEAHSHESASSBATS
 
        
map: Friends 
        - players: 8
 
        - length: 21:28
 
        - speed: Fast
 - version: 1.22 W3XP
 - replay type:  Public
 
» download(197 KB)
Players
        team 1 (winner) 
              
              
HYPNOTIQ_ (
blue | 47 APM | 1006 actions | 21:28)
              
 7 Blademaster 
 3 Wind Walk
 3 Critical Strike
 1 Bladestorm
 
                » actions 
                
                | Assign group hotkey | 25 |  | 
| Basic commands | 128 |  | 
| Build / train | 63 |  | 
| Enter build submenu | 22 |  | 
| Enter hero's abilities submenu | 7 |  | 
| Remove unit from queue | 1 |  | 
| Right click | 398 |  | 
| Select / deselect | 236 |  | 
| Select group hotkey | 78 |  | 
| Use ability | 48 |  | 
                1006 total
 » units 
                
                | Peon | 11 |  | 
| Wind Rider | 19 |  | 
| Troll Batrider | 2 |  | 
| Shaman | 4 |  | 
                36 total
 » upgrades
                
                | Ranged Weapons | 3 |  | 
| Armor | 2 |  | 
| Envenomed Spears | 1 |  | 
| Reinforced Defenses | 1 |  | 
| Shaman Training | 2 |  | 
                9 total
 » buildings
                
                | Altar of Storms | 1 |  | 
| Orc Burrow | 5 |  | 
| Voodoo Lounge | 1 |  | 
| War Mill | 1 |  | 
| Stronghold | 2 |  | 
| Watch Tower | 5 |  | 
| Beastiary | 2 |  | 
| Fortress | 1 |  | 
| Spirit Lodge | 1 |  | 
                19 total
 » build order
                00:16 Altar of Storms
00:30 Orc Burrow
00:52 Voodoo Lounge
02:02 War Mill
02:29 Stronghold
02:50 Orc Burrow
03:14 Watch Tower
03:54 Watch Tower
03:57 Watch Tower
04:31 Watch Tower
04:43 Watch Tower
05:04 Beastiary
05:31 Beastiary
06:13 Orc Burrow
06:51 Orc Burrow
07:06 Fortress
10:42 Orc Burrow
11:19 Spirit Lodge
» items
                
                | Healing Salve | 1 |  | 
| Orb of Lightning | 1 |  | 
| Scroll of Town Portal | 1 |  | 
                3 total
  
               
              
              
YEAHSHESASSBATS (
orange | 136 APM | 2929 actions | 21:28)
              
 5 Death Knight 
 3 Death Coil
 2 Unholy Aura
 4 Lich 
 2 Frost Nova
 2 Dark Ritual
 3 Dreadlord 
 2 Sleep
 1 Carrion Swarm
 
                » actions 
                
                | Assign group hotkey | 28 |  | 
| Basic commands | 237 |  | 
| Build / train | 56 |  | 
| Enter build submenu | 13 |  | 
| Enter hero's abilities submenu | 13 |  | 
| Give item / drop item | 1 |  | 
| Right click | 1550 |  | 
| Select / deselect | 472 |  | 
| Select group hotkey | 447 |  | 
| Use ability | 112 |  | 
                2929 total
 » units 
                
                | Acolyte | 2 |  | 
| Ghoul | 3 |  | 
| Crypt Fiend | 9 |  | 
| Frost Wyrm | 6 |  | 
                20 total
 » upgrades
                
                | Burrow | 1 |  | 
| Web | 1 |  | 
| Creature Attack | 1 |  | 
| Creature Carapace | 1 |  | 
                4 total
 » buildings
                
                | Crypt | 1 |  | 
| Graveyard | 1 |  | 
| Altar of Darkness | 1 |  | 
| Ziggurat | 6 |  | 
| Tomb of Relics | 1 |  | 
| Nerubian Tower | 1 |  | 
| Halls of the Dead | 2 |  | 
| Black Citadel | 2 |  | 
| Sacrificial Pit | 1 |  | 
| Boneyard | 2 |  | 
                18 total
 » build order
                00:07 Crypt
00:09 Graveyard
00:32 Altar of Darkness
00:48 Ziggurat
01:13 Tomb of Relics
01:51 Ziggurat
02:27 Nerubian Tower
04:28 Halls of the Dead
04:28 Halls of the Dead
04:42 Ziggurat
06:10 Ziggurat
08:55 Black Citadel
08:56 Black Citadel
09:43 Sacrificial Pit
11:24 Boneyard
11:35 Boneyard
11:39 Ziggurat
13:55 Ziggurat
» items
                
                | Rod of Necromancy | 4 |  | 
| Lesser Clarity Potion | 3 |  | 
| Healing Salve | 2 |  | 
| Scroll of Town Portal | 2 |  | 
| Scroll of Healing | 1 |  | 
                12 total
  
               
              
              
» 
Discolag (
red | 59 APM | 1258 actions | 21:28)
              
 5 Pandaren Brewmaster 
 3 Breath of Fire
 2 Drunken Brawler
 
                » actions 
                
                | Assign group hotkey | 33 |  | 
| Basic commands | 29 |  | 
| Build / train | 63 |  | 
| ESC pressed | 1 |  | 
| Enter build submenu | 16 |  | 
| Enter hero's abilities submenu | 5 |  | 
| Right click | 503 |  | 
| Select / deselect | 178 |  | 
| Select group hotkey | 392 |  | 
| Use ability | 38 |  | 
                1258 total
 » units 
                
                | Peon | 8 |  | 
| Grunt | 6 |  | 
| Shaman | 15 |  | 
| Tauren | 10 |  | 
                39 total
 » upgrades
                
                | Berserker Strength | 1 |  | 
| Shaman Training | 2 |  | 
| Armor | 2 |  | 
| Melee Weapons | 3 |  | 
| Pulverize | 1 |  | 
                9 total
 » buildings
                
                | Orc Burrow | 4 |  | 
| War Mill | 1 |  | 
| Barracks | 1 |  | 
| Altar of Storms | 1 |  | 
| Watch Tower | 3 |  | 
| Stronghold | 1 |  | 
| Voodoo Lounge | 1 |  | 
| Spirit Lodge | 1 |  | 
| Fortress | 1 |  | 
| Tauren Totem | 2 |  | 
                16 total
 » build order
                00:10 Orc Burrow
00:26 War Mill
00:52 Barracks
01:13 Altar of Storms
01:54 Orc Burrow
02:33 Watch Tower
03:36 Stronghold
03:45 Watch Tower
04:44 Voodoo Lounge
04:56 Watch Tower
05:08 Orc Burrow
06:13 Spirit Lodge
06:52 Fortress
07:09 Orc Burrow
09:22 Tauren Totem
09:25 Tauren Totem
» items
                
                | Lesser Clarity Potion | 2 |  | 
| Healing Salve | 2 |  | 
| Orb of Corruption | 1 |  | 
| Scroll of Town Portal | 1 |  | 
| Scroll of Speed | 1 |  | 
                7 total
  
               
              
              
» 
LesboandlovinT (
green | 52 APM | 1108 actions | 21:28)
              
 3 Warden 
 2 Fan of Knives
 1 Blink
 4 Keeper of the Grove 
 2 Entangling Roots
 2 Thorns Aura
 
                » actions 
                
                | Basic commands | 28 |  | 
| Build / train | 55 |  | 
| Enter build submenu | 16 |  | 
| Enter hero's abilities submenu | 7 |  | 
| Remove unit from queue | 1 |  | 
| Right click | 652 |  | 
| Select / deselect | 295 |  | 
| Use ability | 54 |  | 
                1108 total
 » units 
                
                | Wisp | 15 |  | 
| Archer | 3 |  | 
| Huntress | 4 |  | 
| Glaive Thrower | 1 |  | 
| Mountain Giant | 1 |  | 
| Druid of the Claw | 1 |  | 
| Dryad | 10 |  | 
                35 total
 » upgrades
                
                | Reinforced Hides | 2 |  | 
| Vorpal Blades | 1 |  | 
| Druid of the Claw Training | 1 |  | 
| Strength of the Wild | 2 |  | 
| Abolish Magic | 1 |  | 
                7 total
 » buildings
                
                | Altar of Elders | 1 |  | 
| Moon Well | 7 |  | 
| Ancient of War | 2 |  | 
| Hunter's Hall | 1 |  | 
| Ancient of Wonders | 1 |  | 
| Tree of Ages | 1 |  | 
| Ancient Protector | 1 |  | 
| Ancient of Lore | 2 |  | 
| Tree of Eternity | 1 |  | 
                17 total
 » build order
                00:23 Altar of Elders
00:37 Moon Well
01:30 Ancient of War
01:44 Hunter's Hall
02:08 Moon Well
02:24 Ancient of War
02:46 Ancient of Wonders
03:09 Moon Well
04:35 Tree of Ages
05:30 Ancient Protector
06:15 Moon Well
07:35 Ancient of Lore
09:49 Ancient of Lore
10:44 Moon Well
12:41 Moon Well
12:44 Moon Well
13:52 Tree of Eternity
» items
                 
               team 2 (loser) 
              
              
» 
battle.suck (
pink | 149 APM | 3002 actions | 20:07)
              
 6 Archmage 
 3 Summon Water Elemental
 2 Brilliance Aura
 1 Mass Teleport
 4 Mountain King 
 2 Storm Bolt
 2 Thunder Clap
 
                » actions 
                
                | Assign group hotkey | 47 |  | 
| Basic commands | 27 |  | 
| Build / train | 73 |  | 
| ESC pressed | 1 |  | 
| Enter build submenu | 25 |  | 
| Enter hero's abilities submenu | 10 |  | 
| Give item / drop item | 1 |  | 
| Right click | 1219 |  | 
| Select / deselect | 776 |  | 
| Select group hotkey | 720 |  | 
| Use ability | 103 |  | 
                3002 total
 » units 
                
                | Peasant | 9 |  | 
| Rifleman | 17 |  | 
| Sorceress | 5 |  | 
| Priest | 5 |  | 
                36 total
 » upgrades
                
                | Long Rifles | 1 |  | 
| Gunpowder | 3 |  | 
| Sorceress Training | 2 |  | 
| Priest Training | 2 |  | 
| Armor | 3 |  | 
| Magic Sentry | 1 |  | 
                12 total
 » buildings
                
                | Lumber Mill | 2 |  | 
| Altar of Kings | 1 |  | 
| Farm | 11 |  | 
| Blacksmith | 1 |  | 
| Barracks | 1 |  | 
| Scout Tower | 1 |  | 
| Arcane Tower | 1 |  | 
| Keep | 1 |  | 
| Arcane Vault | 1 |  | 
| Arcane Sanctum | 2 |  | 
| Town Hall | 1 |  | 
| Castle | 2 |  | 
                25 total
 » build order
                00:22 Lumber Mill
00:51 Altar of Kings
01:06 Farm
01:19 Blacksmith
01:45 Farm
01:56 Barracks
02:10 Farm
02:21 Scout Tower
02:44 Farm
02:47 Arcane Tower
03:41 Keep
05:26 Farm
05:27 Farm
05:50 Lumber Mill
05:56 Arcane Vault
06:04 Arcane Sanctum
06:07 Arcane Sanctum
07:26 Farm
07:31 Farm
07:32 Farm
08:12 Farm
08:14 Farm
11:57 Town Hall
13:53 Castle
» items
                
                | Scroll of Regeneration | 1 |  | 
| Scroll of Town Portal | 5 |  | 
| Orb of Lightning | 1 |  | 
| Scroll of Speed | 1 |  | 
| Staff of Sanctuary | 1 |  | 
                9 total
  
               
              
              
god-of.war (
purple | 52 APM | 967 actions | 18:31)
              
 3 Archmage 
 2 Summon Water Elemental
 1 Brilliance Aura
 3 Mountain King 
 2 Storm Bolt
 1 Bash
 2 Paladin 
 1 Holy Light
 1 Divine Shield
 
                » actions 
                
                | Basic commands | 8 |  | 
| Build / train | 47 |  | 
| Enter build submenu | 21 |  | 
| Enter hero's abilities submenu | 8 |  | 
| Remove unit from queue | 1 |  | 
| Right click | 522 |  | 
| Select / deselect | 287 |  | 
| Use ability | 73 |  | 
                967 total
 » units 
                
                | Peasant | 10 |  | 
| Footman | 5 |  | 
| Gryphon Rider | 6 |  | 
                21 total
 » upgrades
                
                | Lumber Harvesting | 2 |  | 
| Storm Hammers | 1 |  | 
| Swords | 2 |  | 
| Animal War Training | 1 |  | 
                6 total
 » buildings
                
                | Altar of Kings | 1 |  | 
| Farm | 8 |  | 
| Barracks | 1 |  | 
| Lumber Mill | 1 |  | 
| Scout Tower | 1 |  | 
| Arcane Tower | 2 |  | 
| Keep | 1 |  | 
| Castle | 1 |  | 
| Gryphon Aviary | 4 |  | 
| Arcane Vault | 2 |  | 
| Blacksmith | 2 |  | 
                24 total
 » build order
                00:08 Altar of Kings
00:15 Farm
00:45 Farm
00:53 Barracks
01:13 Lumber Mill
01:38 Scout Tower
02:05 Arcane Tower
02:05 Arcane Tower
02:20 Farm
02:56 Keep
03:28 Farm
04:01 Farm
06:48 Castle
06:54 Gryphon Aviary
06:58 Gryphon Aviary
07:09 Arcane Vault
08:08 Gryphon Aviary
08:23 Arcane Vault
09:52 Gryphon Aviary
09:57 Farm
11:21 Farm
11:27 Blacksmith
12:26 Farm
16:11 Blacksmith
» items
                
                | Potion of Healing | 1 |  | 
| Scroll of Regeneration | 1 |  | 
| Scroll of Town Portal | 1 |  | 
                3 total
  
               
              
              
ReconPeon (
yellow | 56 APM | 1206 actions | 21:27)
              
 3 Mountain King 
 2 Storm Bolt
 1 Bash
 3 Paladin 
 2 Holy Light
 1 Divine Shield
 1 Archmage 
 1 Brilliance Aura
 
                » actions 
                
                | Assign group hotkey | 25 |  | 
| Basic commands | 53 |  | 
| Build / train | 69 |  | 
| ESC pressed | 2 |  | 
| Enter build submenu | 16 |  | 
| Enter hero's abilities submenu | 7 |  | 
| Give item / drop item | 1 |  | 
| Right click | 339 |  | 
| Select / deselect | 320 |  | 
| Select group hotkey | 286 |  | 
| Use ability | 88 |  | 
                1206 total
 » units 
                
                | Peasant | 8 |  | 
| Footman | 3 |  | 
| Rifleman | 11 |  | 
| Priest | 3 |  | 
| Spell Breaker | 2 |  | 
| Knight | 3 |  | 
                30 total
 » upgrades
                
                | Gunpowder | 2 |  | 
| Long Rifles | 1 |  | 
| Armor | 1 |  | 
| Priest Training | 2 |  | 
| Swords | 1 |  | 
                7 total
 » buildings
                
                | Barracks | 1 |  | 
| Farm | 7 |  | 
| Altar of Kings | 1 |  | 
| Blacksmith | 1 |  | 
| Keep | 1 |  | 
| Scout Tower | 1 |  | 
| Arcane Tower | 1 |  | 
| Lumber Mill | 1 |  | 
| Arcane Vault | 1 |  | 
| Arcane Sanctum | 1 |  | 
| Castle | 1 |  | 
                17 total
 » build order
                00:05 Barracks
00:21 Farm
00:40 Altar of Kings
00:56 Farm
01:54 Blacksmith
02:37 Farm
03:14 Keep
04:34 Farm
04:48 Scout Tower
05:17 Arcane Tower
05:19 Farm
05:22 Lumber Mill
06:03 Arcane Vault
07:02 Farm
07:37 Arcane Sanctum
10:36 Farm
13:23 Castle
» items
                
                | Scroll of Regeneration | 7 |  | 
| Orb of Fire | 3 |  | 
| Lesser Clarity Potion | 6 |  | 
| Scroll of Town Portal | 3 |  | 
                19 total
  
               
              
              
» 
Drowishere (
teal | 55 APM | 1133 actions | 20:31)
              
 4 Blademaster 
 2 Wind Walk
 2 Critical Strike
 2 Tauren Chieftain 
 1 Shockwave
 1 Endurance Aura
 
                » actions 
                
                | Assign group hotkey | 21 |  | 
| Basic commands | 1 |  | 
| Build / train | 55 |  | 
| Enter build submenu | 19 |  | 
| Enter hero's abilities submenu | 6 |  | 
| Remove unit from queue | 1 |  | 
| Right click | 673 |  | 
| Select / deselect | 242 |  | 
| Select group hotkey | 39 |  | 
| Use ability | 76 |  | 
                1133 total
 » units 
                
                | Peon | 9 |  | 
| Grunt | 4 |  | 
| Wind Rider | 4 |  | 
| Shaman | 3 |  | 
| Tauren | 2 |  | 
| Troll Witch Doctor | 1 |  | 
                23 total
 » upgrades
                
                | Envenomed Spears | 1 |  | 
| Shaman Training | 2 |  | 
| Ranged Weapons | 1 |  | 
| Witch Doctor Training | 2 |  | 
| Pulverize | 1 |  | 
                7 total
 » buildings
                
                | Altar of Storms | 1 |  | 
| Orc Burrow | 6 |  | 
| Barracks | 1 |  | 
| Voodoo Lounge | 1 |  | 
| Stronghold | 1 |  | 
| War Mill | 1 |  | 
| Beastiary | 2 |  | 
| Fortress | 1 |  | 
| Spirit Lodge | 2 |  | 
| Tauren Totem | 2 |  | 
                18 total
 » build order
                00:16 Altar of Storms
00:21 Orc Burrow
01:15 Barracks
01:22 Orc Burrow
01:39 Voodoo Lounge
03:29 Stronghold
04:42 Orc Burrow
04:47 War Mill
06:10 Beastiary
06:11 Fortress
07:07 Spirit Lodge
07:31 Orc Burrow
09:47 Beastiary
11:32 Orc Burrow
12:01 Spirit Lodge
12:33 Orc Burrow
12:45 Tauren Totem
16:08 Tauren Totem
» items
                
                | Healing Salve | 4 |  | 
| Lesser Clarity Potion | 4 |  | 
| Scroll of Speed | 1 |  | 
| Scroll of Town Portal | 1 |  | 
| Orb of Lightning | 1 |  | 
| Potion of Healing | 2 |  | 
| Potion of Mana | 1 |  | 
                14 total
  
                Chat log
          (00:11 / Allies) LesboandlovinT: sup all
(00:12 / Allies) YEAHSHESASSBATS: battle.suck
(00:15 / Allies) YEAHSHESASSBATS: is good
(00:22 / Allies) HYPNOTIQ_: want me to feed or
(00:24 / Allies) HYPNOTIQ_: make stuff
(00:26 / Allies) YEAHSHESASSBATS: dont care
(00:32 / Allies) LesboandlovinT: make
(00:44 / Allies) HYPNOTIQ_: wvys
(04:44 / Allies) LesboandlovinT: lol
(04:55 / Allies) HYPNOTIQ_: wood?
(05:53 / Allies) YEAHSHESASSBATS: b
(09:37 / Allies) LesboandlovinT: lumber/
(09:44 / Allies) LesboandlovinT: ty
(10:24 / Allies) YEAHSHESASSBATS: mk
(11:35 / Allies) LesboandlovinT: get some bats to blue
(11:41 / Allies) HYPNOTIQ_: k
(12:49 / Allies) HYPNOTIQ_: should i come
(12:59 / Allies) LesboandlovinT: sure
(13:07 / Allies) HYPNOTIQ_: omw
(14:57 / Allies) YEAHSHESASSBATS: b
(16:28 / Allies) YEAHSHESASSBATS: mkl
(16:30 / Allies) HYPNOTIQ_: omw
(17:53 / All) ReconPeon: gg
(18:40 / All) YEAHSHESASSBATS: over
(18:42 / All) YEAHSHESASSBATS: leave lone trash
(19:06 / All) YEAHSHESASSBATS: no preteaming here
(20:01 / All) YEAHSHESASSBATS: rofl